 Dungeon Crawl Stone Soup version 0.30.1-4-g462c640d31 (webtiles) character file.

Game seed: 2162781450253063317

266 Almogavar the Slasher (level 6, -4/56 HPs)
             Began as a Minotaur Berserker on Aug 29, 2023.
             Was a Believer of Trog.
             Killed by divine providence
             ... invoked by an orc priest
              (13 damage)
             ... on level 4 of the Dungeon.
             The game lasted 00:08:08 (2624 turns).

Almogavar the Slasher (Minotaur Berserker)          Turns: 2624, Time: 00:08:09

Health: -4/56      AC: 13    Str: 28    XL:     6   Next: 0%
Magic:  5/5        EV: 11    Int:  3    God:    Trog [**....]
Gold:   28         SH:  7    Dex:  8    Spells: 5/5 levels left

rFire   + + .        B - +6 rapier "Zemeriashre" {flame, rF+}
rCold   . . .        t - +0 buckler
rNeg    + . .        a - +1 ring mail {rF+}
rPois   .            (helmet unavailable)
rElec   .            w - +0 cloak
rCorr   .            y - +0 pair of gloves
SInv    .            (no boots)
Will    ++...        (no amulet) Stlth
                     b - ring of positive energy
HPRegen 1.29/turn    e - +4 ring of protection
MPRegen 0.09/turn

%: no passive effects
@: strong-willed, on berserk cooldown, regenerating, slowed, very slow
A: horns 3, retaliatory headbutt, large bone plates 1, strong 1
a: Renounce Religion, Berserk, Trog's Hand


You were on level 4 of the Dungeon.
You worshipped Trog.
Trog was pleased with you.
You visited 1 branch of the dungeon, and saw 5 of its levels.

You collected 181 gold pieces.
You spent 153 gold pieces at shops.

Inventory:

Hand Weapons
 u - a +0 sling
 B - the +6 rapier "Zemeriashre" (weapon) {flame, rF+}
   (You bought it in a shop on level 3 of the Dungeon)

   rF:        It protects you from fire.
Missiles
 k - 2 throwing nets (quivered)
Armour
 a - a +1 ring mail of fire resistance (worn)
 t - a +0 buckler (worn)
 w - a +0 cloak (worn)
 y - a +0 pair of gloves (worn)
Jewellery
 b - a ring of positive energy (left hand)
 e - a +4 ring of protection (right hand)
Scrolls
 d - 3 scrolls of fog
 f - a scroll of blinking
 i - a scroll of magic mapping {unknown}
 n - 3 scrolls of teleportation {unknown}
 p - 2 scrolls of poison {unknown}
 q - a scroll of noise {unknown}
 s - a scroll of acquirement {unknown}
 x - a scroll of enchant armour {unknown}
Potions
 c - a potion of haste
 g - 2 potions of attraction
 h - 2 potions of lignification
 j - a potion of invisibility {unknown}
 l - a potion of magic {unknown}
 m - a potion of mutation
 r - 2 potions of heal wounds {unknown}
 v - a potion of curing {unknown}
 z - a potion of cancellation {unknown}
 A - a potion of might {unknown}


   Skills:
 + Level 5.1 Fighting
 + Level 1.0(3.4) Short Blades
 + Level 5.8(5.9) Long Blades
 + Level 4.0 Armour
 + Level 2.8 Dodging
 + Level 0.8 Shields


You had 5 spell levels left.
You didn't know any spells.
Your spell library was empty.

Dungeon Overview and Level Annotations

Branches:
Dungeon (5/15)
 Temple: D:4-7

Altars:
Ashenzari
Vehumet

Shops:
D:3 (


Innate Abilities, Weirdness & Mutations

You have a pair of large horns on your head.
You reflexively headbutt those who attack you in melee.
You are partially covered in large bone plates. (SH +4)
Your muscles are strong. (Str +4, Int/Dex -1)


Message History

The orc priest hits you but does no damage.
The orc priest hits you with a +0 flail.
* * * LOW HITPOINT WARNING * * *
You feel a strong urge to attack something.
You are no longer berserk.
You are exhausted.
You feel yourself slow down. The orc misses you.
The orc priest calls upon Beogh to heal the orc priest.
The orc priest is healed somewhat.
The orc priest misses you.
You see here a +0 flail.
You barely miss the orc priest. Your headbutt misses the orc priest.
The orc priest is moderately wounded.
You feel less confused. The orc priest closely misses you.
The orc hits you but does no damage. You block the orc priest's attack.
The orc priest barely misses you.
Unknown command.
You hit the orc priest. You burn the orc priest.
You headbutt the orc priest, but do no damage.
The orc priest is severely wounded.
The orc priest hits you but does no damage.
The orc hits you but does no damage. The orc priest barely misses you.
The orc priest calls upon Beogh to heal the orc priest.
The orc priest is healed somewhat.
The orc hits you but does no damage. The orc priest misses you.
The orc priest barely misses you.
The orc priest hits you but does no damage.
It was a potion of mutation.
You feel extremely strange.
You feel stronger. The horns on your head grow some more.
Large bone plates grow over parts of your arms.
The orc priest hits you but does no damage.
The orc hits you but does no damage.
The orc priest hits you but does no damage.
You block the orc priest's attack.
Blink to where?
Press: ? - help, Dir - move target, f - you
Okay, then.
Your skin crawls.
You feel strong-willed.
The orc priest calls down the wrath of Beogh upon you.
Beogh smites you!
You die...

..##. .....
###....##$#.. .
##.......#....o.
#.....#....# ...
##...###....#....
#....#..)....#...
####.............#
##...ooo..........#.
#.....@o.............
###.............#)...
#..................
###................#
#..................#.
###....................
#.....................#
##....................#
#...<.................#


You could see 3 orc priests and an orc.

Vanquished Creatures
  A phantom (D:3)
  2 orc wizards
  5 adders
  A worm (D:3)
  13 orcs
  5 ball pythons
  7 endoplasms
  2 giant cockroaches
  6 goblins
  5 hobgoblins
  3 jackals (D:3)
  7 kobolds
  5 quokkas
  3 bats
  2 frilled lizards
  2 rats
69 creatures vanquished.

Notes
Turn   | Place    | Note
-------+----------+-------------------------------------------
     0 | D:1      | Almogavar the Minotaur Berserker began the quest for the
                  | Orb.
     0 | D:1      | Reached XP level 1. HP: 19/19 MP: 0/0
   113 | D:1      | Reached XP level 2. HP: 23/27 MP: 1/1
   749 | D:2      | Found a radiant altar of Vehumet.
   804 | D:2      | Reached XP level 3. HP: 32/33 MP: 2/2
   805 | D:2      | Reached ** piety under Trog
   889 | D:2      | You fall into a shaft and drop 1 floor!
  1460 | D:3      | Found a broken altar of Ashenzari.
  1556 | D:3      | Reached skill level 5 in Long Blades
  1556 | D:3      | Reached XP level 4. HP: 41/41 MP: 3/3
  1575 | D:3      | Noticed a phantom
  1588 | D:3      | Killed a phantom
  1589 | D:3      | Reached XP level 5. HP: 43/47 MP: 4/4
  1688 | D:3      | HP: 1/47 [something (2)]
  2020 | D:3      | Found Qept's Antique Weapon Boutique.
  2050 | D:3      | Bought an encrusted rapier for 153 gold pieces
  2050 | D:3      | Identified the +6 rapier "Zemeriashre" {flame, rF+} (You
                  | bought it in a shop on level 3 of the Dungeon)
  2462 | D:5      | Entered Level 5 of the Dungeon
  2609 | D:4      | Reached skill level 5 in Fighting
  2614 | D:4      | Reached skill level 1 in Short Blades
  2616 | D:4      | Reached XP level 6. HP: 29/56 MP: 5/5
  2623 | D:4      | Gained mutation: Your muscles are strong. (Str +4, Int/Dex
                  | -1) [potion of mutation]
  2623 | D:4      | Gained mutation: You have a pair of large horns on your
                  | head. [potion of mutation]
  2623 | D:4      | Gained mutation: You are partially covered in large bone
                  | plates. (SH +4) [potion of mutation]
  2624 | D:4      | Killed from afar by an orc priest

Illustrated notes

Levels and vault maps discovered:
D:1:      tarquinn_simple_flora_water_a, layout_basic
D:2:      layout_basic, basic_altar
D:3:      layout_basic, amcnicky_altar_gilded, serial_shops, shop_fountains
D:4:      layout_cave_pools, gammafunk_ghost_stat_death, uniq_pikel,
          uniq_grinder
D:5:      layout_basic, nicolae_overflow_crystal_walls,
          nicolae_overflow_hidden_temple, minmay_temple_entry_statues_fountains

Skill      XL: |  1  2  3  4  5 |
---------------+----------------+-----
Fighting       | 4 5 |  5.1
Long Blades    | 4 5 |  5.8
Armour         | 3 4 |  4.0
Short Blades   | 1 |  1.0
Dodging        | |  2.8
Shields        | |  0.8

Action                     |  1- 3 |  4- 6 || total
---------------------------+-------+-------++-------
  Melee: Falchion          |   104 |    50 ||   154
         Headbutt          |    17 |     6 ||    23
         Punch             |     2 |       ||     2
         Rapier            |       |    32 ||    32
 Invoke: Berserk           |       |     4 ||     4
         Trog's Hand       |       |     2 ||     2
    Use: Scroll            |     5 |     1 ||     6
         Potion            |       |     1 ||     1
 Armour: Animal skin       |     4 |       ||     4
         Ring mail         |     6 |    30 ||    36
         Scale mail        |    25 |    38 ||    63
  Dodge: Dodged            |    50 |    65 ||   115
  Block: Buckler           |     2 |    13 ||    15
